 Dungeon Crawl Stone Soup version 0.28.0-45-g0d030f2227 (webtiles) character file.

Game seed: 6597926915738655499

1024 nickcage the Arsonist (level 8, -4/41 HPs)
             Began as a Deep Elf Fire Elementalist on Apr 11, 2022.
             Was an Initiate of Vehumet.
             Slain by a gargoyle
             ... wielding a +0 flail
              (27 damage)
             ... on level 5 of the Dungeon.
             The game lasted 00:15:53 (7589 turns).

nickcage the Arsonist (Deep Elf Fire Elementalist)  Turns: 7589, Time: 00:15:53

Health: -4/41      AC:  3    Str: 11    XL:     8   Next: 2%
Magic:  7/19       EV: 12    Int: 23    God:    Vehumet [......]
Gold:   178        SH:  4    Dex: 15    Spells: 8/19 levels left

rFire   . . .      SeeInvis .   x - +3 hand axe (flame)
rCold   . . .      Faith    .   e - +0 buckler
rNeg    . . .      Spirit   .   a - +0 robe
rPois   .          Reflect  .   (no helmet)
rElec   .          Harm     .   y - +0 cloak
rCorr   .          Rampage  .   (no gloves)
Will    .....                   (no boots)
Stlth   ++........              (no amulet)
HPRegen 0.13/turn               v - +6 ring of strength
MPRegen 0.16/turn               (no ring)

@: no status effects
A: no striking features
a: Renounce Religion


You were on level 5 of the Dungeon.
You worshipped Vehumet.
Vehumet was noncommittal.
You visited 2 branches of the dungeon, and saw 6 of its levels.
You also visited: Sewer.

You collected 178 gold pieces.

Inventory:

Hand Weapons
 d - a +0 halberd
 f - a +0 dagger
 x - a +3 hand axe of flaming (weapon)
Armour
 a - a +0 robe (worn)
 e - a +0 buckler (worn)
 y - a +0 cloak (worn)
Jewellery
 v - a +6 ring of strength (left hand)
Wands
 b - a wand of paralysis (10)
 u - a wand of charming (5)
Scrolls
 h - a scroll of teleportation
 i - a scroll of enchant weapon {unknown}
 j - a scroll of fear {unknown}
 l - a scroll of noise {unknown}
 n - a scroll of silence {unknown}
 p - a scroll of magic mapping
 q - 6 scrolls of identify
 r - a scroll of fog {unknown}
 t - 2 scrolls of amnesia
Potions
 c - 3 potions of heal wounds
 g - 2 potions of haste {unknown}
 k - a potion of curing {unknown}
 m - a potion of might {unknown}
 o - a potion of invisibility {unknown}
 s - a potion of flight {unknown}
 w - a potion of brilliance {unknown}


   Skills:
 - Level 2.4 Dodging
 - Level 2.4 Stealth
 - Level 2.0 Shields
 - Level 6.1 Spellcasting
 * Level 3.4 Conjurations
 + Level 8.6 Fire Magic


You had 8 spell levels left.
You knew the following spells:

 Your Spells              Type           Power      Damage    Failure   Level
a - Foxfire               Conj/Fire      100%       2x1d9     1%          1
b - Scorch                Fire           92%        2d10      1%          2
c - Conjure Flame         Conj/Fire      34%        6-21      2%          3
d - Flame Wave            Conj/Fire      34%        2d8       10%         4
e - Shock                 Conj/Air       56%        1d6       5%          1

Your spell library contained the following spells:

 Spells                   Type           Power      Damage    Failure   Level
 Inner Flame              Hex/Fire       26%        N/A       6%          3
 Swiftness                Air            7%         N/A       32%         3
 Airstrike                Air            3%         N/A       73%         4


Dungeon Overview and Level Annotations

Branches:
Dungeon (5/15)             Temple (1/1) D:5           Sewer (visited)

Altars:
Cheibriados
Dithmenos
Elyvilon
Fedhas
Gozag
Kikubaaqudgha
Makhleb
Nemelex Xobeh
Okawaru
Qazlal
Ru
Sif Muna
Trog
Vehumet
Wu Jian
Xom
Yredelemnul
The Shining One


Message History

An orc wizard comes into view. It is wielding a +0 dagger.
Flames lash the orc.
You kill the orc!
Vehumet accepts your kill.
Flames lash the orc wizard.
The orc wizard is heavily wounded.
The orc wizard's fire resistance burns away.
Flames lash the orc.
You kill the orc!
Vehumet accepts your kill. The orc wizard barely misses you.
You have reached level 8!
You feel clever.
Flames lash the orc wizard.
The orc wizard is burned terribly!
You kill the orc wizard!
Vehumet accepts your kill.
Things that are here:
a +0 whip; a +0 scale mail
Items here: )) [[ ††.
Things that are here:
a +0 whip; a +0 scale mail; an orc corpse You see here a +0 hand axe.
A gargoyle comes into view. It is wielding a +0 flail.
Flames lash the gargoyle but do no damage.
The gargoyle hurls a stone arrow at you.
The stone arrow hits you!!
Flames lash the gargoyle but do no damage.
Flames lash the gargoyle.
The gargoyle is lightly damaged.
The gargoyle's fire resistance burns away.
Flames lash the gargoyle.
The gargoyle is burned terribly!
The gargoyle is heavily damaged.
The gargoyle closely misses you.
Flames lash the gargoyle but do no damage.
The gargoyle barely misses you.
Flames lash the gargoyle.
The gargoyle is burned terribly!
The gargoyle is severely damaged.
The gargoyle hits you with a +0 flail!!
Ouch! That really hurt!
You die...

..# # ..# # ..# # #.#
# # #.# # #. #.# # ..
#.# ##
#.####.############.
#.9@................
#...################.
#.... ## #..... #
#....# # ##... # ##..
# ##. # #


You could see a gargoyle (combustible).

Vanquished Creatures
  3 ogres (D:5)
  3 kobold brigands (Sewer)
  A scorpion (D:5)
  A water moccasin zombie (D:5)
  A hound (D:4)
  Ijyb (D:3)
  4 orc wizards
  A howler monkey zombie (D:5)
  Robin (D:3)
  8 adders
  2 river rats (Sewer)
  2 ufetubi (D:4)
  An adder skeleton (D:4)
  6 worms
  3 dart slugs
  11 orcs
  4 bats
  6 endoplasms
  4 giant cockroaches
  16 goblins
  13 hobgoblins
  2 jackals (D:2)
  6 quokkas
  9 ball pythons
  3 frilled lizards
  15 kobolds
  9 rats
136 creatures vanquished.

Vanquished Creatures (others)
  An orc wizard (D:4)
  29 foxfires
30 creatures vanquished.

Grand Total: 166 creatures vanquished

Notes
Turn   | Place    | Note
-------+----------+-------------------------------------------
     0 | D:1      | nickcage the Deep Elf Fire Elementalist began the quest for
                  | the Orb.
     0 | D:1      | Reached XP level 1. HP: 10/10 MP: 6/6
   353 | D:1      | Reached XP level 2. HP: 14/15 MP: 5/8
   356 | D:1      | Learned a level 2 spell: Scorch
   598 | D:1      | Reached skill level 4 in Fire Magic
   650 | D:1      | Found a faded altar of an unknown god.
  1369 | D:2      | Found a blossoming altar of Fedhas.
  1604 | D:2      | Reached XP level 3. HP: 19/19 MP: 2/9
  2296 | D:3      | Noticed Ijyb
  2302 | D:3      | Killed Ijyb
  2303 | D:3      | Reached XP level 4. HP: 10/24 MP: 1/10
  2496 | D:3      | Found a stormy altar of Qazlal.
  2507 | D:3      | Noticed Robin
  2673 | D:3      | Found a sacrificial altar of Ru.
  2679 | D:3      | Reached skill level 5 in Fire Magic
  2687 | D:3      | Reached skill level 1 in Shields
  2695 | D:3      | Killed Robin
  2703 | D:3      | Found a glowing drain.
  2722 | Sewer    | Entered a sewer
  3115 | Sewer    | Reached XP level 5. HP: 28/28 MP: 8/11
  3494 | Sewer    | Reached skill level 6 in Fire Magic
  3630 | Sewer    | Reached XP level 6. HP: 22/32 MP: 5/12
  4203 | D:3      | Learned a level 3 spell: Conjure Flame
  4208 | D:3      | Learned a level 4 spell: Flame Wave
  4736 | D:4      | Reached skill level 7 in Fire Magic
  4771 | D:3      | HP: 1/32 [orc wizard/+0 dagger (2)]
  4773 | D:3      | Reached XP level 7. HP: 2/36 MP: 0/14
  6683 | D:5      | Entered Level 5 of the Dungeon
  6686 | D:5      | Learned a level 1 spell: Shock
  6717 | D:5      | Found a staircase to the Ecumenical Temple.
  6745 | Temple   | Entered the Ecumenical Temple
  6887 | Temple   | Became a worshipper of Vehumet
  7081 | D:5      | Reached skill level 5 in Spellcasting
  7084 | D:5      | Reached skill level 8 in Fire Magic
  7460 | D:5      | Reached XP level 8. HP: 41/41 MP: 8/19
  7583 | D:5      | Noticed a gargoyle
  7589 | D:5      | Slain by a gargoyle

Illustrated notes

Levels and vault maps discovered:
D:1:      sevenhm_arrival_forest_fort_large_3, layout_basic,
          ebering_ecumenical_altar_sacrificial, minmay_hedge_maze,
          nrook_loot_triangle
D:2:      layout_basic, basic_altar, minmay_tree_intersection
D:3:      layout_basic, grunt_temple_overflow_open,
          cheibrodos_sewer_entry_drain, uniq_robin, uniq_ijyb
D:4:      corexii_shack_village, layout_layer_cave, dk_noncrumbling_3,
          chequers_serial_rivers_micro_c
D:5:      layout_loops_ring, kennysheep_mini, minmay_temple_entry_arrows,
          chequers_serial_rivers_small_a, chequers_serial_rivers_marsh,
          minivault_19, minmay_misc_feat_iff, kennysheep_small_circle
Temple:   nicolae_temple_elliptical

Skill      XL: |  1  2  3  4  5  6  7 |
---------------+----------------------+-----
Fire Magic     | 4 5 6 7 8 |  8.6
Conjurations   | 2 3 |  3.4
Shields        | 1 2 |  2.0
Spellcasting   | 6 |  6.1
Dodging        | |  2.4
Stealth        | |  2.4

Action                   |  1- 3 |  4- 6 |  7- 9 || total
-------------------------+-------+-------+-------++-------
Melee: Halberd           |     1 |       |       ||     1
       Unarmed           |     1 |       |       ||     1
       Dagger            |    20 |    20 |       ||    40
 Cast: Foxfire           |    10 |    10 |       ||    20
       Scorch            |    36 |    62 |    68 ||   166
  Use: Scroll            |     5 |     2 |       ||     7
 Stab: Sleeping          |     1 |       |       ||     1
Armor: Robe              |     5 |     5 |       ||    10
Dodge: Dodged            |    18 |    13 |    11 ||    42
Block: Buckler           |     5 |     7 |     2 ||    14
